 Dungeon Crawl Stone Soup version 0.29.1-12-g30fa7ad0bf (webtiles) character file.

Game seed: 5985817170266980730

34 LustLizard the Shield-Bearer (level 3, 0/36 HPs)
             Began as a Troll Fighter on Dec 23, 2022.
             Slain by a worm (9 damage)
             ... on level 2 of the Dungeon.
             The game lasted 00:01:21 (906 turns).

LustLizard the Shield-Bearer (Troll Fighter)         Turns: 906, Time: 00:01:21

Health: 0/36       AC:  4    Str: 24    XL:     3   Next: 14%
Magic:  2/2        EV:  8    Int:  6    God:
Gold:   45         SH:  7    Dex:  9    Spells: 2/2 levels left

rFire   . . .      SeeInvis .     - Unarmed
rCold   . . .      Faith    .   b - +0 kite shield
rNeg    . . .      Spirit   .   a - +0 robe
rPois   .          Reflect  .   (helmet restricted)
rElec   .          Harm     .   (no cloak)
rCorr   .          Rampage  .   (gloves unavailable)
Will    .....                   (boots unavailable)
Stlth   +.........              (no amulet)
HPRegen 0.92/turn               (no ring)
MPRegen 0.08/turn               (no ring)

@: no status effects
A: large, unfitting armour, claws 3, regeneration 1, shaggy fur 1, tough skin 1
a: no special abilities


You were on level 2 of the Dungeon.
You visited 1 branch of the dungeon, and saw 2 of its levels.

You collected 45 gold pieces.

Inventory:

Armour
 a - a +0 robe (worn)
 b - a +0 kite shield (worn)
Scrolls
 e - 2 scrolls of identify {unknown}
 f - a scroll of poison {unknown}
 g - a scroll of vulnerability {unknown}
 h - a scroll of amnesia {unknown}
Potions
 c - a potion of might
 d - 2 potions of heal wounds {unknown}


   Skills:
 + Level 2.7 Fighting
 - Level 2.4 Dodging
 + Level 3.0 Shields
 * Level 3.0 Unarmed Combat


You had 2 spell levels left.
You didn't know any spells.
Your spell library contained the following spells:

 Spells                   Type           Power      Damage    Failure   Level
 Ozocubu's Armour         Ice            0%         N/A       98%         3
 Corpse Rot               Necr/Pois/Air  0%         N/A       100%        4
 Dispel Undead            Necr           0%         3d6       100%        4
 Death Channel            Necr           0%         N/A       100%        6
 Ozocubu's Refrigeration  Ice            0%         4d7       100%        7


Dungeon Overview and Level Annotations

Branches:
Dungeon (2/15)

Altars:


Innate Abilities, Weirdness & Mutations

You are too large for most types of armour.
You have claws for hands.
Your natural rate of healing is unusually fast.
You are covered in fur. (AC +1)
You have tough skin. (AC +1)


Message History

You kill the kobold!
The endoplasm freezes you.
You are frozen.
The endoplasm hits you.
You barely miss the endoplasm. You block the endoplasm's attack.
You scratch the endoplasm.
The endoplasm is moderately wounded.
The endoplasm hits you.
You scratch the endoplasm.
The endoplasm is heavily wounded.
You block the endoplasm's attack. You block the worm's attack.
You scratch the endoplasm.
The endoplasm is almost dead.
You block the endoplasm's attack.
You scratch the endoplasm.
You kill the endoplasm!
The worm bites you!
Your Unarmed Combat skill increases to level 3!
You barely miss the worm. The worm bites you!
You scratch the worm.
The worm is lightly wounded.
You scratch the worm but do no damage.
The worm is lightly wounded.
The worm bites you!
You claw the worm!
The worm is heavily wounded.
The worm bites you!
You are too injured to fight recklessly!
You are too injured to fight recklessly!
You are too injured to fight recklessly!
Unknown command.
You scratch the worm but do no damage.
The worm is heavily wounded.
You barely miss the worm.
The worm is heavily wounded.
The worm bites you.
* * * LOW HITPOINT WARNING * * *
You scratch the worm.
The worm is heavily wounded.
The worm bites you!
You die...

...............
#....................$
#.....................
#...†................#
#...<)†....#..$.....#
#..........#........##
#....................#
######.####..........#
#.#......@).....#
#........w......#
####...#......$....
#.....###..........
..................>.!..
...........#.......#...
#..##..(............(..
.. ................#.#
. #............


You could see a worm.

Vanquished Creatures
  An adder (D:2)
  5 ball pythons (D:1)
  2 endoplasms
  2 giant cockroaches
  A goblin (D:1)
  2 hobgoblins
  4 kobolds
  3 bats (D:1)
  3 frilled lizards (D:1)
23 creatures vanquished.

Notes
Turn   | Place    | Note
-------+----------+-------------------------------------------
     0 | D:1      | LustLizard the Troll Fighter began the quest for the Orb.
     0 | D:1      | Reached XP level 1. HP: 22/22 MP: 0/0
   196 | D:1      | Reached XP level 2. HP: 27/29 MP: 1/1
   359 | D:1      | Found a faded altar of an unknown god.
   869 | D:2      | Reached XP level 3. HP: 36/36 MP: 2/2
   906 | D:2      | Slain by a worm

Illustrated notes

Levels and vault maps discovered:
D:1:      amcnicky_arrival_double_pillar, layout_basic,
          chequers_ecumenical_altar_simple, minmay_cut_off
D:2:      layout_rooms, minmay_guardbox

Skill      XL: |  1  2  3 |
---------------+----------+-----
Shields        | 3 |  3.0
Unarmed Combat | 3 |  3.0
Fighting       | |  2.7
Dodging        | |  2.4

Action                   || total
-------------------------++-------
Melee: Unarmed           ||    69
 Stab: Sleeping          ||     1
Armor: Robe              ||    20
Dodge: Dodged            ||    14
Block: Kite shield       ||    32
